 Dungeon Crawl Stone Soup version 0.32-a0-699-g1ee5eff (webtiles) character file.

Game seed: 18255032396935827398

141 Toastz the Cudgeller (level 5, -1/46 HPs)
             Began as a Mountain Dwarf Berserker on Mar 13, 2024.
             Was a Believer of Trog.
             Slain by an orc
             ... wielding a +0 whip
              (4 damage)
             ... on level 3 of the Dungeon.
             The game lasted 00:04:03 (1776 turns).

Toastz the Cudgeller (Mountain Dwarf Berserker)     Turns: 1776, Time: 00:04:04

Health: -1/46      AC: 10    Str: 21    XL:     5   Next: 3%
Magic:  5/5        EV:  7    Int:  8    God:    Trog [**....]
Gold:   116        SH:  0    Dex:  9    Spells: 4/4 levels left

rFire   . . .        a - +2 mace (venom)
rCold   . . .        (no shield)
rNeg    . . .        h - +0 chain mail
rPois   .            (no helmet)
rElec   .            (no cloak)
rCorr   .            (no gloves)
SInv    .            f - +0 pair of boots
Will    .....        (no amulet) Stlth
                     (no ring)
HPRegen 0.27/turn    (no ring)
MPRegen 0.09/turn

%: no passive effects
@: on berserk cooldown, slowed, very slow
A: runic magic, artefact enchanting
a: Renounce Religion, Berserk, Trog's Hand


You were on level 3 of the Dungeon.
You worshipped Trog.
Trog was pleased with you.
You visited 1 branch of the dungeon, and saw 3 of its levels.

You collected 116 gold pieces.

Inventory:

Hand Weapons
 a - a +2 mace of venom (weapon)
Missiles
 e - 6 datura-tipped darts (quivered)
Armour
 f - a +0 pair of boots (worn)
 h - a +0 chain mail (worn)
 i - a +0 tower shield
Scrolls
 c - a scroll of enchant armour {unknown}
 g - a scroll of amnesia {unknown}
 j - 4 scrolls of teleportation {unknown}
 l - 2 scrolls of identify {unknown}
Potions
 d - 2 potions of ambrosia {unknown}
 k - a potion of curing {unknown}


   Skills:
 + Level 4.1 Fighting
 * Level 5.2 Maces & Flails
 + Level 3.2 Armour
 + Level 2.1 Dodging


You had 4 spell levels left.
You didn't know any spells.
Your spell library contained the following spells:

 Spells                   Type           Power      Damage    Failure   Level
 Cigotuvi's Dreadful Rot  Necr/Alch/Air  0%         N/A       71%         2
 Dispel Undead            Necr           0%         3d6       100%        4
 Martyr's Knell           Necr/Summ      0%         N/A       100%        4


Dungeon Overview and Level Annotations

Branches:
Dungeon (3/15)

Altars:


Innate Abilities, Weirdness & Mutations

Your spellcasting is much less encumbered by armour.
You can use scrolls of enchantment on lesser artefacts.


Message History

The gnoll hits you with a +0 flail!
* * * LOW HITPOINT WARNING * * *
The gnoll closely misses you. x2
You hit the gnoll.
You kill the gnoll!
Trog accepts your kill.
You kill the gnoll!
Trog accepts your kill. The gnoll hits you but does no damage.
Things that are here:
a +0 club; a gnoll corpse You sock the gnoll!
The gnoll is severely wounded.
The gnoll hits you with a +0 halberd.
* * * LOW HITPOINT WARNING * * *
An orc comes into view. It is wielding a +0 whip.
The orc shouts!
You hit the gnoll.
The gnoll is severely wounded.
The gnoll hits you with a +0 halberd.
* * * LOW HITPOINT WARNING * * *
You sock the gnoll!
You kill the gnoll!
Trog accepts your kill.
You have reached level 5!
You feel a strong urge to attack something.
You feel your anger nearly subside.
You are no longer berserk.
You are exhausted.
You feel yourself slow down. The orc attacks as it pursues you!
The orc hits you but does no damage.
You completely miss the orc. The orc hits you with a +0 whip.
* * * LOW HITPOINT WARNING * * *
The orc hits you but does no damage.
You hit the orc.
The orc is heavily wounded.
The orc hits you but does no damage. x2
You barely miss the orc.
The orc is heavily wounded.
The orc hits you with a +0 whip.
You die...

.........#
#..........##.
###....####...........#.
#...).............#.#.#.
#.##...####.......#.#.##
# ####.............#...
#...........### #
#......)....# #
##.o.........#####.
#.@................
##.##...#.######..#
#..#.....#####....
...##............#
###.............#..
#.>.........#.#..
...#..........#..
..........^......
....#.......####.


You could see an orc.

Vanquished Creatures
  A bombardier beetle (D:3)
  4 gnolls (D:3)
  2 adders
  2 ribbon worms
  7 endoplasms
  A giant cockroach (D:1)
  4 hobgoblins (D:2)
  2 quokkas (D:2)
  4 ball pythons
  4 bats
  5 frilled lizards
  5 goblins
  6 kobolds
  A rat (D:1)
48 creatures vanquished.

Notes
Turn   | Place    | Note
-------+----------+-------------------------------------------
     0 | D:1      | Toastz the Mountain Dwarf Berserker began the quest for the
                  | Orb.
     0 | D:1      | Reached XP level 1. HP: 19/19 MP: 1/1
    65 | D:1      | Found a faded altar of an unknown god.
   303 | D:1      | Reached XP level 2. HP: 26/26 MP: 2/2
   408 | D:1      | Reached skill level 4 in Maces & Flails
  1120 | D:2      | Reached XP level 3. HP: 23/31 MP: 3/3
  1277 | D:2      | Reached ** piety under Trog
  1725 | D:3      | Reached XP level 4. HP: 37/40 MP: 4/4
  1751 | D:3      | Reached skill level 5 in Maces & Flails
  1758 | D:3      | HP: 1/60 [gnoll/+0 halberd (3)]
  1760 | D:3      | Reached XP level 5. HP: 1/46 MP: 5/5
  1774 | D:3      | HP: 2/46 [orc/+0 whip (4)]
  1776 | D:3      | Slain by an orc

Illustrated notes

Levels and vault maps discovered:
D:1:      dpeg_arrival_brainrot, layout_basic, chequers_ecumenical_altar_island
D:2:      layout_rooms
D:3:      minmay_spotlight, layout_rooms, marbit_many_paths

Skill      XL: |  1  2  3  4 |
---------------+-------------+-----
Maces & Flails | 4 5 |  5.2
Armour         | 3 |  3.2
Dodging        | 2 |  2.1
Fighting       | 4 |  4.1

Action                     |  1- 3 |  4- 6 || total
---------------------------+-------+-------++-------
  Melee: Mace              |   130 |    16 ||   146
         Quarterstaff      |     3 |       ||     3
 Invoke: Berserk           |       |     1 ||     1
 Armour: Animal skin       |    30 |       ||    30
         Chain mail        |    70 |    26 ||    96
  Dodge: Dodged            |    76 |    12 ||    88

Table legend: (Time is in decaauts)
 A = Elapsed time spent in this place.
 B = Non-inter-level travel time spent in this place.
 C = Inter-level travel time spent in this place.
 D = Time resting spent in this place.
 E = Time spent auto-exploring this place.
 F = Levels seen in this place.
 G = Mean time per level.
                   A        B        C        D        E       F      G
               +--------+--------+--------+--------+--------+-----+--------+
         Total |   1805 |   1658 |    147 |      0 |   1207 |   3 |  601.7 |
       Dungeon |   1805 |   1658 |    147 |      0 |   1207 |   3 |  601.7 |
               +--------+--------+--------+--------+--------+-----+--------+

Top non-repeatable levels by time:
     D:1: 1054 daAuts
     D:2: 584 daAuts
     D:3: 166 daAuts
